 Dungeon Crawl Stone Soup version 0.27.1-34-g3ba077fa99 (webtiles) character file.

Game seed: 7767153488512131131

685 KittyFluff the Cudgeller (level 7, 0/44 HPs)
             Began as a Gargoyle Berserker on Jan 24, 2022.
             Was a Priest of Trog.
             Slain by a gnoll (8 damage)
             ... on level 5 of the Dungeon.
             The game lasted 00:23:30 (5494 turns).

KittyFluff the Cudgeller (Gargoyle Berserker)       Turns: 5494, Time: 00:23:31

Health: 0/44       AC: 14    Str: 21    XL:     7   Next: 62%
Magic:  7/7        EV:  8    Int:  7    God:    Trog [***...]
Gold:   150        SH: 14    Dex: 11    Spells: 6/6 levels left

rFire    + . .     SeeInvis +   a - +0 mace
rCold    + . .     Faith    .   o - +0 tower shield
rNeg     + . .     Spirit   .   t - +0 leather armour
rPois    ∞         Reflect  .   q - +2 helmet {SInv}
rElec    +         Harm     .   (no cloak)
rCorr    +         Rampage  .   z - +2 pair of gloves
Will     .....                  (no boots)
Stlth    +.........             (no amulet)
HPRegen  0.14/turn              l - ring of resist corrosion
MPRegen  0.10/turn              (no ring)

@: resistant, on berserk cooldown, slowed, studying Unarmed Combat, very slow
A: sickness immunity, AC +4, negative energy resistance 1, electricity
resistance, torment resistance 1, petrification resistance
a: Renounce Religion, Berserk, Trog's Hand


You were on level 5 of the Dungeon.
You worshipped Trog.
Trog was most pleased with you.
You visited 1 branch of the dungeon, and saw 5 of its levels.

You collected 150 gold pieces.

Inventory:

Hand Weapons
 a - a +0 mace (weapon)
 n - a +0 morningstar
Missiles
 b - 41 sling bullets
 d - 34 arrows
 s - 10 boomerangs (quivered)
 u - 19 bolts
Armour
 f - a +1 ring mail of poison resistance
 o - a +0 tower shield (worn)
 q - a +2 helmet of see invisible (worn)
 r - a +0 chain mail
 t - a +0 leather armour (worn)
 v - a +0 ring mail of cold resistance
 y - a +0 plate armour
 z - a +2 pair of gloves (worn)
Magical Staves
 x - a staff of conjuration
Jewellery
 l - a ring of resist corrosion (left hand)
Wands
 w - a wand of iceblast (9)
Scrolls
 c - a scroll of identify
 e - 2 scrolls of teleportation {unknown}
 g - a scroll of fog {unknown}
 i - a scroll of noise {unknown}
 k - a scroll of enchant weapon {unknown}
 A - a scroll of magic mapping {unknown}
 B - a scroll of brand weapon
Potions
 h - a potion of lignification
 j - a potion of attraction
 p - a potion of haste


   Skills:
 + Level 4.6 Fighting
 + Level 4.8 Maces & Flails
 * Level 3.7 Armour
 * Level 3.6 Dodging
 + Level 0.8 Stealth
 * Level 4.2 Shields


You had 6 spell levels left.
You didn't know any spells.
Your spell library was empty.

Dungeon Overview and Level Annotations

Branches:
Dungeon (5/15)             Temple (0/1) D:4

Altars:
Gozag
Nemelex Xobeh
Sif Muna
Yredelemnul


Innate Abilities, Weirdness & Mutations

You are immune to sickness and miasma.
Your stone body is resilient. (AC +4)
You are immune to poison.
You resist negative energy. (rN+)
You are resistant to electric shocks. (rElec)
You are resistant to unholy torment.
You are immune to petrification.


Message History

You block the gnoll sergeant's attack. The necrophage barely misses you.
The gnoll barely misses you.
The gnoll sergeant hits you but does no damage.
You closely miss the necrophage.
The necrophage is almost destroyed.
You block the necrophage's attack. You block the gnoll's attack.
The gnoll sergeant hits you from afar with a +1 trident of protection.
You block the necrophage's attack. The gnoll hits you but does no damage.
The gnoll sergeant hits you but does no damage.
The necrophage hits you but does no damage.
You sock the necrophage!
You destroy the necrophage!
Trog accepts your kill. You block the gnoll's attack.
The gnoll sergeant hits you but does no damage.
You block the gnoll's attack. You block the gnoll sergeant's attack.
The gnoll hits you but does no damage.
Your Shields skill increases to level 4!
You hit the gnoll.
The gnoll is moderately wounded.
You block the gnoll's attack.
The gnoll sergeant hits you from afar with a +1 trident of protection.
The gnoll closely misses you. The gnoll barely misses you.
The gnoll sergeant hits you from afar with a +1 trident of protection.
You block the gnoll's attack. The gnoll hits you but does no damage.
The gnoll barely misses you.
The gnoll sergeant hits you from afar with a +1 trident of protection!
You feel protected.
You hear the slow rusting of a very distant drain.
The gnoll hits you from afar with a +2 spear of venom!
* * * LOW HITPOINT WARNING * * *
You block the gnoll sergeant's attack. The gnoll hits you but does no damage.
You closely miss the gnoll.
The gnoll is moderately wounded.
The gnoll hits you but does no damage.
The gnoll sergeant hits you but does no damage.
You block the gnoll's attack. The gnoll barely misses you.
The gnoll closely misses you. The gnoll sergeant barely misses you.
The gnoll hits you from afar with a +2 spear of venom!
You die...

........# #......#
........# #......#
c.......# #......#
........# #......#
........###.)....#
............#.####
.######..####..#
#....## ##.##
#.#### #.@#
..###.#####..###g#
......<.......


gJg# ...####............# .# .............# ............... .......)...^.###
.............# ......$ You could see a gnoll sergeant, a jelly and 2 gnolls.

Vanquished Creatures
  A sky beast (D:3)
  A necrophage (D:5)
  An ogre (D:4)
  2 hounds (D:4)
  3 orc priests (D:3)
  2 iguanas
  An orc wizard (D:3)
  A hound skeleton (D:4)
  2 gnolls (D:5)
  6 adders
  An adder skeleton (D:4)
  3 worms
  A dart slug (D:1)
  13 orcs
  10 bats
  6 endoplasms
  2 giant cockroaches
  6 goblins
  9 hobgoblins
  7 jackals (D:1)
  6 quokkas
  9 ball pythons
  4 kobolds
  A rat (D:1)
98 creatures vanquished.

Vanquished Creatures (others)
  A dart slug (D:4)
1 creature vanquished.

Grand Total: 99 creatures vanquished

Notes
Turn   | Place    | Note
-------+----------+-------------------------------------------
     0 | D:1      | KittyFluff the Gargoyle Berserker began the quest for the
                  | Orb.
     0 | D:1      | Reached XP level 1. HP: 14/14 MP: 1/1
    87 | D:1      | Reached XP level 2. HP: 18/19 MP: 2/2
   503 | D:1      | Reached ** piety under Trog
   523 | D:1      | Reached XP level 3. HP: 21/23 MP: 3/3
  1662 | D:2      | Reached XP level 4. HP: 29/29 MP: 4/4
  2505 | D:3      | Reached XP level 5. HP: 33/33 MP: 5/5
  2694 | D:3      | Found a faded altar of an unknown god.
  2937 | D:3      | Noticed a sky beast
  2948 | D:3      | Killed a sky beast
  2949 | D:3      | Reached skill level 1 in Shields
  2949 | D:3      | Reached XP level 6. HP: 39/39 MP: 6/6
  3635 | D:3      | Reached *** piety under Trog
  3832 | D:3      | Found an opulent altar of Gozag.
  4521 | D:4      | Reached XP level 7. HP: 33/44 MP: 7/7
  4992 | D:4      | Found a staircase to the Ecumenical Temple.
  5301 | D:4      | Found a shimmering blue altar of Sif Muna.
  5307 | D:4      | Found a basalt altar of Yredelemnul.
  5313 | D:4      | Found a sparkling altar of Nemelex Xobeh.
  5451 | D:5      | Entered Level 5 of the Dungeon
  5494 | D:5      | Slain by a gnoll

Illustrated notes

Levels and vault maps discovered:
D:1:      saegor_arrival_simple_b, layout_loops_corners
D:2:      layout_basic, minmay_pentomino_u4
D:3:      layout_basic, nicolae_gozag_cash_rules_everything_around_me,
          dilly_ecumenical_altar_fadedgnrine
D:4:      layout_loops_corners, minmay_overflow_temple_star_quad,
          minmay_temple_entry_drinking_statues
D:5:      layout_rooms, portal_sewer_entry_e

Skill      XL: |  1  2  3  4  5  6  7 |
---------------+----------------------+-----
Dodging        | 2 3 |  3.6
Armour         | 3 |  3.7
Fighting       | 4 |  4.6
Maces & Flails | 4 |  4.8
Shields        | 1 2 4 |  4.2
Stealth        | |  0.8

Action                   |  1- 3 |  4- 6 |  7- 9 || total
-------------------------+-------+-------+-------++-------
Melee: Mace              |   125 |   191 |    78 ||   394
Throw: Boomerang         |       |       |     2 ||     2
Invok: Berserk           |     1 |     6 |     2 ||     9
  Use: Scroll            |       |     4 |     1 ||     5
       Potion            |       |       |     1 ||     1
Armor: Animal skin       |    52 |    14 |       ||    66
       Robe              |       |    29 |       ||    29
       Leather armour    |       |    33 |    33 ||    66
Dodge: Dodged            |   114 |    76 |    35 ||   225
Block: Tower shield      |       |    90 |    76 ||   166
